 Dungeon Crawl Stone Soup version 0.24-a0-201-gf205589 (webtiles) character file.

Game seed: 17330130354320531898

1776 Borgoz the Cutter (level 9, -12/52 HPs)
             Began as a Gargoyle Gladiator on Mar 22, 2019.
             Mangled by an ogre
             ... wielding a cursed -1 giant club
              (21 damage)
             ... on level 6 of the Dungeon.
             The game lasted 00:08:53 (5881 turns).

Borgoz the Cutter (Gargoyle Gladiator)              Turns: 5881, Time: 00:08:54

Health: -12/52     AC: 13    Str: 19    XL:     9   Next: 8%
Magic:  9/9        EV: 13    Int:  9    God:
Gold:   310        SH:  7    Dex: 13    Spells: 8/8 levels left

rFire    . . .     SeeInvis .   a - +0 rapier
rCold    . . .     Gourm    .   b - +2 buckler
rNeg     + . .     Faith    .   q - +0 ring mail
rPois    ∞         Spirit   .   c - +0 helmet
rElec    +         Reflect  .   (no cloak)
rCorr    .         Harm     .   (no gloves)
MR       .....                  (no boots)
Stlth    +++.......             (no amulet)
HPRegen  0.17/turn              (no ring)
MPRegen  0.11/turn              m - ring of stealth

@: no status effects
A: blurry vision 1, negative energy resistance 1, electricity resistance,
unbreathing, petrification resistance, rot immunity, MP-powered wands, AC +6
a: no special abilities


You were on level 6 of the Dungeon.
You were not hungry.

You visited 1 branch of the dungeon, and saw 6 of its levels.

You collected 310 gold pieces.

Inventory:

Hand Weapons
 a - a +0 rapier (weapon)
Missiles
 d - 5 throwing nets (quivered)
 g - 4 tomahawks
 u - 2 poisoned javelins
Armour
 b - a +2 buckler (worn)
 c - a +0 helmet (worn)
 q - a +0 ring mail (worn)
Jewellery
 i - an uncursed amulet of magic regeneration
 m - a ring of stealth (right hand)
Wands
 p - a wand of digging (7)
Scrolls
 e - a scroll of immolation
 h - 3 scrolls of fear
 j - a scroll of enchant armour {unknown}
 k - 2 scrolls of amnesia
 l - 3 scrolls of remove curse
 n - a scroll of teleportation
 o - 2 scrolls of enchant weapon
 r - a scroll of noise {unknown}
 s - a scroll of identify
Potions
 t - 2 potions of flight
 v - 2 potions of curing
Comestibles
 f - 4 rations
 w - 10 chunks of flesh


   Skills:
 + Level 4.7 Fighting
 * Level 5.9 Short Blades
 - Level 1.7 Throwing
 + Level 4.2 Armour
 * Level 5.4 Dodging
 + Level 4.4 Stealth
 + Level 3.6 Shields


You had 8 spell levels left.
You didn't know any spells.
Your spell library was empty.

Dungeon Overview and Level Annotations

Branches:
Dungeon (6/15)
 Temple: D:4-7

Altars:
Cheibriados
Hepliaklqana
Makhleb
Sif Muna
Trog
Wu Jian


Innate Abilities, Weirdness & Mutations

You are resistant to torment.
Your stone body is resilient. (AC +6)
You are immune to poison.
You resist negative energy. (rN+)
You are resistant to electric shocks. (rElec)
You can survive without breathing.
You are immune to petrification.
You are immune to rotting.
Scrolls take you a little longer to read.
You expend magic power (3 MP) to strengthen your wands.


Message History

You hit the ogre.
The ogre is severely wounded.
You block the ogre's attack.
You hit the ogre.
The ogre is severely wounded.
The ogre misses you.
You barely miss the ogre.
The ogre is severely wounded.
You hit the ogre but do no damage.
The ogre is severely wounded.
The ogre closely misses you.
You puncture the ogre!
The ogre is almost dead.
The ogre misses you.
You puncture the ogre!
You kill the ogre!
You hit the ogre.
The ogre is lightly wounded.
The ogre hits you with a cursed -1 giant club!!
You die...

# ##
#####.#################.
.....oO@))..............
.####o################..
.. #.. <.. #.. ...
#####. .. ....... #
####### # #


You could see an ogre and 2 orcs.

Vanquished Creatures
  Grinder (D:5)
  4 sky beasts
  A centaur (D:5)
  An ogre (D:6)
  Blork the orc (D:5)
  2 bullfrogs
  5 wights (D:6)
  A hound (D:6)
  4 orc priests
  3 orc wizards
  An iguana (D:4)
  8 worker ants
  A worker ant zombie (D:5)
  4 gnolls (D:3)
  A howler monkey skeleton (D:6)
  3 adders
  3 worms
  5 leopard geckos
  16 orcs
  8 bats
  8 giant cockroaches
  8 goblins
  2 hobgoblins
  10 jackals
  4 kobolds
  4 quokkas
  A ball python (D:1)
  4 frilled lizards
  A jackal skeleton (D:4)
  A leopard gecko skeleton (D:5)
  8 rats
124 creatures vanquished.

Notes
Turn   | Place    | Note
-------+----------+-------------------------------------------
     0 | D:1      | Borgoz the Gargoyle Gladiator began the quest for the Orb.
     0 | D:1      | Reached XP level 1. HP: 12/12 MP: 1/1
    70 | D:1      | Reached XP level 2. HP: 16/17 MP: 2/2
   717 | D:2      | Reached XP level 3. HP: 12/22 MP: 3/3
  1062 | D:2      | Reached skill level 1 in Armour
  1154 | D:2      | Reached skill level 1 in Stealth
  1170 | D:2      | Found a snail-covered altar of Cheibriados.
  1427 | D:2      | Reached XP level 4. HP: 25/27 MP: 4/4
  1732 | D:3      | Noticed an orc warrior
  1751 | D:3      | Gained mutation: Scrolls take you a little longer to read.
                  | [potion of mutation]
  1751 | D:3      | Gained mutation: You expend magic power (3 MP) to
                  | strengthen your wands. [potion of mutation]
  2028 | D:2      | HP: 1/27 [orc warrior/+0 flail (8)]
  2058 | D:2      | You fall through a shaft!
  2275 | D:3      | Reached XP level 5. HP: 17/32 MP: 5/5
  2884 | D:3      | Reached skill level 1 in Shields
  2884 | D:3      | Reached XP level 6. HP: 14/37 MP: 6/6
  3504 | D:3      | Found a hazy altar of Hepliaklqana.
  3910 | D:4      | Found a burning altar of Makhleb.
  3914 | D:4      | Found a bloodstained altar of Trog.
  3955 | D:4      | Found a deep blue altar of Sif Muna.
  4010 | D:4      | Reached XP level 7. HP: 41/41 MP: 7/7
  4447 | D:5      | Entered Level 5 of the Dungeon
  4460 | D:5      | Noticed Blork the orc
  4478 | D:5      | Killed Blork the orc
  4802 | D:5      | Reached skill level 5 in Short Blades
  4802 | D:5      | Reached XP level 8. HP: 44/48 MP: 8/8
  4861 | D:5      | Found an ornate altar of the Wu Jian Council.
  5046 | D:5      | Noticed Grinder
  5046 | D:5      | Paralysed by Grinder for 7 turns
  5057 | D:5      | Paralysed by Grinder for 2 turns
  5060 | D:5      | Paralysed by Grinder for 6 turns
  5084 | D:5      | Paralysed by Grinder for 5 turns
  5095 | D:5      | Paralysed by Grinder for 7 turns
  5105 | D:5      | Killed Grinder
  5707 | D:6      | Reached skill level 5 in Dodging
  5860 | D:6      | Reached XP level 9. HP: 30/52 MP: 9/9
  5881 | D:6      | Mangled by an ogre

Levels and vault maps discovered:
D:1:      wander_arrival_abandoned_jail, layout_basic
D:2:      layout_loops_ring, cheibriados_altar_1,
          chequers_serial_rivers_small_3, minmay_crystal_room
D:3:      layout_basic, lemuel_crystal_altar, serial_bayou_pond_e
D:4:      layout_basic, grunt_temple_overflow_open, led_sif_pool,
          hangedman_decor_riveting
D:5:      layout_basic, kennysheep_mini_moat, nicolae_overflow_hidden_temple,
          first_ration, uniq_blork_the_orc, uniq_grinder
D:6:      layout_basic

Skill      XL: |  1  2  3  4  5  6  7  8 |
---------------+-------------------------+-----
Short Blades   | 3 4 5 |  5.9
Armour         | 1 2 3 4 |  4.2
Stealth        | 1 2 3 4 |  4.4
Dodging        | 3 4 5 |  5.4
Fighting       | 3 4 |  4.7
Shields        | 1 2 3 |  3.6
Throwing       | |  1.7

Action                   |  1- 3 |  4- 6 |  7- 9 || total
-------------------------+-------+-------+-------++-------
Melee: Rapier            |   137 |   244 |   334 ||   715
  Use: Scroll            |       |     8 |     1 ||     9
       Potion            |       |     2 |     2 ||     4
 Stab: Sleeping          |       |     1 |     5 ||     6
  Eat: Chunk             |     1 |     9 |     3 ||    13
       Ration            |       |       |     1 ||     1
Armor: Leather armour    |    66 |     7 |       ||    73
       Ring mail         |       |    81 |   107 ||   188
       Skin              |       |       |     3 ||     3
Dodge: Dodged            |    97 |   117 |   124 ||   338
Block: Buckler           |       |    34 |    76 ||   110

Table legend:
 A = Non-vault XP
 B = Vault XP
 C = Vault XP percentage of total XP
 D = Non-vault monster count
 E = Vault monster count
 F = Vault count percentage of total count
                 A         B        C        D         E       F
            +---------+---------+-------+---------+---------+-------
      Total |    2170 |     368 |  14.5 |     122 |       2 |   1.6
            +---------+---------+-------+---------+---------+-------
        D:1 |      29 |       0 |   0.0 |      19 |       0 |   0.0
        D:2 |      57 |       0 |   0.0 |      21 |       0 |   0.0
        D:3 |     325 |       0 |   0.0 |      32 |       0 |   0.0
        D:4 |     346 |       0 |   0.0 |      19 |       0 |   0.0
        D:5 |     457 |     368 |  44.6 |       9 |       2 |  18.2
        D:6 |     956 |       0 |   0.0 |      22 |       0 |   0.0
            +---------+---------+-------+---------+---------+-------
